 Dungeon Crawl Stone Soup version 0.28.0-47-ge53b351184 (webtiles) character file.

Game seed: 8263912446327306938

49 Zeld the Chopper (level 3, 0/34 HPs)
             Began as a Hill Orc Monk on May 9, 2022.
             Slain by an orc wizard
             ... wielding a +0 dagger
              (1 damage)
             ... on level 3 of the Dungeon.
             The game lasted 00:01:40 (1458 turns).

Zeld the Chopper (Hill Orc Monk)                    Turns: 1458, Time: 00:01:41

Health: 0/34       AC:  2    Str: 15    XL:     3   Next: 77%
Magic:  3/3        EV: 12    Int: 10    God:
Gold:   51         SH:  0    Dex: 13    Spells: 2/2 levels left

rFire   . . .      SeeInvis .   a - +0 hand axe
rCold   . . .      Faith    .   (no shield)
rNeg    . . .      Spirit   .   b - +0 robe
rPois   .          Reflect  .   (no helmet)
rElec   .          Harm     .   (no cloak)
rCorr   .          Rampage  .   (no gloves)
Will    .....                   (no boots)
Stlth   ++........              (no amulet)
HPRegen 0.11/turn               (no ring)
MPRegen 0.08/turn               (no ring)

@: no status effects
A: no striking features
a: no special abilities


You were on level 3 of the Dungeon.
You visited 1 branch of the dungeon, and saw 3 of its levels.

You collected 51 gold pieces.

Inventory:

Hand Weapons
 a - a +0 hand axe (weapon)
Armour
 b - a +0 robe (worn)
Scrolls
 c - a scroll of noise {unknown}
 d - 2 scrolls of blinking {unknown}
 e - 2 scrolls of magic mapping {unknown}
 f - a scroll of identify {unknown}
 g - a scroll of vulnerability {unknown}
 i - a scroll of teleportation {unknown}
Potions
 h - a potion of cancellation {unknown}


   Skills:
 * Level 4.3 Fighting
 * Level 4.8 Axes
 + Level 1.2 Armour
 + Level 2.7 Dodging
 - Level 1.5 Stealth


You had 2 spell levels left.
You didn't know any spells.
Your spell library was empty.

Dungeon Overview and Level Annotations

Branches:
Dungeon (3/15)

Altars:

Shops:
D:1 *


Message History

You hit something. Something hits you.
You completely miss something. Something hits you.
You miss something. Something hits you.
You closely miss something. Something hits you.
You hit something but do no damage. Something completely misses you.
You miss something. Something barely misses you.
You barely miss something.
You hear some strange, mumbled words.
Something tries to affect you, but you resist.
You hit something. Something hits you but does no damage.
You miss something. Something completely misses you.
You barely miss something. Something hits you.
You hit something. Something hits you.
You miss something.
You hear some strange, mumbled words.
Something tries to affect you, but you resist.
You miss something.
You hear the brisk rusting of a very distant drain.
Something hits you.
You hit something but do no damage. Something hits you but does no damage.
You closely miss something. Something hits you.
* * * LOW HITPOINT WARNING * * *
You closely miss something. Your punch misses something.
Something hits you but does no damage.
You miss something. Something hits you.
* * * LOW HITPOINT WARNING * * *
Something hits you.
* * * LOW HITPOINT WARNING * * *
You hit something but do no damage.
You hear some strange, mumbled words.
Something tries to affect you, but you resist.
Unknown command.
You miss something. Something hits you.
* * * LOW HITPOINT WARNING * * *
Unknown command.
You closely miss something. Something hits you.
* * * LOW HITPOINT WARNING * * *
Unknown command.
You hit something. Something hits you.
You die...

#.# .... #.. # #.# #
##.## #... #..# #
#..########
.##..#########..........
.....o{@).......########
.##.#############


You could see an orc.

Vanquished Creatures
  An adder (D:3)
  An orc (D:3)
  A ball python (D:2)
  9 bats
  6 endoplasms
  2 giant cockroaches
  3 goblins
  2 hobgoblins (D:1)
  4 kobolds
  2 quokkas
  A frilled lizard (D:1)
  3 rats
35 creatures vanquished.

Vanquished Creatures (others)
  A plant (D:1)
1 creature vanquished.

Grand Total: 36 creatures vanquished

Notes
Turn   | Place    | Note
-------+----------+-------------------------------------------
     0 | D:1      | Zeld the Hill Orc Monk began the quest for the Orb.
     0 | D:1      | Reached XP level 1. HP: 19/19 MP: 1/1
   119 | D:1      | Found Gurol's General Store.
   201 | D:1      | Reached XP level 2. HP: 16/27 MP: 2/2
   931 | D:1      | Found a faded altar of an unknown god.
  1076 | D:2      | Reached XP level 3. HP: 33/33 MP: 3/3
  1090 | D:2      | Reached skill level 1 in Armour
  1457 | D:3      | HP: 1/34 [something (3)]
  1458 | D:3      | Slain by an orc wizard

Illustrated notes

Levels and vault maps discovered:
D:1:      saegor_arrival_fortress, layout_rooms,
          shapermc_ecumenical_altar_rom_forum, serial_shops, shop,
          minmay_misc_feat_tiny, nrook_campfire, minivault_4,
          minmay_misc_feat_plants
D:2:      layout_basic, serial_shops, shop, uniq_natasha
D:3:      layout_loops_ring, serial_glass, glass_columns_b, glass_columns_a,
          glass_columns_b, glass_columns_a, glass_columns_a, glass_columns_b,
          cheibrodos_sewer_entry_bend

Skill      XL: |  1  2  3 |
---------------+----------+-----
Fighting       | 4 |  4.3
Armour         | 1 |  1.2
Axes           | |  4.8
Dodging        | |  2.7
Stealth        | |  1.5

Action                   || total
-------------------------++-------
Melee: Hand axe          ||   123
       Punch             ||     3
 Stab: Sleeping          ||     1
Armor: Robe              ||    50
Dodge: Dodged            ||    94
